 Dungeon Crawl Stone Soup version 0.25-a0-860-gf695395b5c (webtiles) character file.

Game seed: 1645769142602793994, levelgen mode: deterministic

11 Esekla the Grave Robber (level 2, 0/13 HPs)
             Began as a Vine Stalker Necromancer on Apr 27, 2020.
             Slain by an orc priest
             ... wielding a +0 whip
              (1 damage)
             ... on level 3 of the Dungeon.
             The game lasted 00:03:26 (473 turns).

Esekla the Grave Robber (Vine Stalker Necromancer)   Turns: 473, Time: 00:03:26

Health: 0/13       AC:  2    Str: 10    XL:     2   Next: 29%
Magic:  0/6        EV: 12    Int: 15    God:
Gold:   32         SH:  0    Dex: 14    Spells: 5/6 levels left

rFire    . . .     SeeInvis .   b - +0 short sword
rCold    . . .     Gourm    .   (no shield)
rNeg     . . .     Faith    .   a - +0 robe
rPois    .         Spirit   +   (no helmet)
rElec    .         Reflect  .   (no cloak)
rCorr    .         Harm     .   (no gloves)
MR       .....                  (no boots)
Stlth    ++........             (no amulet)
HPRegen  0.04/turn              (no ring)
MPRegen  0.10/turn              (no ring)

@: no status effects
A: fangs 2, magic shield, antimagic bite, no potion heal 3, rot immunity
a: no special abilities


You were on level 3 of the Dungeon.
You were not hungry.

You visited 1 branch of the dungeon, and saw 4 of its levels.

You collected 32 gold pieces.

Inventory:

Hand Weapons
 b - a +0 short sword (weapon)
Armour
 a - a +0 robe (worn)
Wands
 i - a wand of paralysis (9)
Scrolls
 d - a scroll of fear {unknown}
 e - a scroll of enchant armour {unknown}
 f - a scroll of immolation {unknown}
Potions
 g - a potion of curing {unknown}
 h - a potion of might {unknown}
 k - a potion of haste {unknown}
Comestibles
 c - a ration
 j - a chunk of flesh


   Skills:
 + Level 0.1 Fighting
 + Level 1.9 Dodging
 - Level 2.4 Stealth
 * Level 2.7 Spellcasting
 - Level 4.0 Necromancy


You had 5 spell levels left.
You knew the following spells:

 Your Spells              Type           Power        Failure   Level  Hunger
a - Pain                  Necr           ##..         4%          1    #......

Your spell library contained the following spells:

 Spells                   Type           Power        Failure   Level  Hunger
 Animate Skeleton         Necr           N/A          4%          1    #......
 Vampiric Draining        Necr           ##........   12%         3    ###....
 Animate Dead             Necr           N/A          36%         4    #####..
 Agony                    Necr           ##......     73%         5    ######.


Dungeon Overview and Level Annotations

Branches:
Dungeon (4/15)
 Temple: D:4-7

Altars:


Innate Abilities, Weirdness & Mutations

You have extremely sharp teeth.
When hurt, damage is shared between your health and your magic reserves.
Your bite disrupts and absorbs the magic of your enemies.
Potions cannot restore your health.
You are immune to rotting.


Message History

The orc priest is lightly wounded.
The orc priest hits you with a +0 whip.
You closely miss the orc priest.
You bite the orc priest, but do no damage.
The orc priest is lightly wounded.
The orc priest hits you with a +0 whip.
* * * LOW HITPOINT WARNING * * *
You hit the orc priest but do no damage.
The orc priest is lightly wounded.
The orc priest barely misses you.
You hit the orc priest. Your bite misses the orc priest.
The orc priest is heavily wounded.
The orc priest barely misses you.
You hit the orc priest but do no damage.
The orc priest is heavily wounded.
The orc priest hits you but does no damage.
You hit the orc priest.
The orc priest is severely wounded.
The orc priest hits you with a +0 whip.
You die...

.............#####.#######
.............#####..###
.....(................#
.................#.##.#
.......<.........#.# ...
.................#.. ....
##...##..........#### ...
#................# ...
#.#####.........@# #.
............o.#
....###..........# ..
#..........# #..........#
############


You could see an orc priest.

Vanquished Creatures
  3 bats
  A bat zombie (D:2)
  A giant cockroach (D:2)
  2 hobgoblins
  A quokka (D:3)
  A frilled lizard (D:2)
9 creatures vanquished.

Notes
Turn   | Place    | Note
-------+----------+-------------------------------------------
     0 | D:1      | Esekla the Vine Stalker Necromancer began the quest for the
                  | Orb.
     0 | D:1      | Reached XP level 1. HP: 9/9 MP: 4/4
   290 | D:2      | Reached XP level 2. HP: 9/13 MP: 4/6
   473 | D:3      | Slain by an orc priest

Levels and vault maps discovered:
D:1:      mainiacjoe_arrival_reflecting_pool, layout_basic,
          minmay_misc_feat_hallway
D:2:      layout_basic, first_ration, serial_undead, serial_undead_f,
          serial_undead_c, serial_undead_c, serial_undead_a, serial_undead_f,
          serial_undead_a, serial_undead_a
D:3:      layout_rooms, marbit_many_paths
D:4:      cheibrodos_thug_alley, layout_loops_corners,
          nicolae_overflow_crystal_walls

Action                   || total
-------------------------++-------
Melee: Short sword       ||    41
       Bite              ||     1
 Stab: Sleeping          ||     1
Armor: Robe              ||    18
Dodge: Dodged            ||    34

Table legend:
 A = Non-vault XP
 B = Vault XP
 C = Vault XP percentage of total XP
 D = Non-vault monster count
 E = Vault monster count
 F = Vault count percentage of total count
                 A         B        C        D         E       F
            +---------+---------+-------+---------+---------+-------
      Total |      15 |       2 |  11.8 |       8 |       1 |  11.1
            +---------+---------+-------+---------+---------+-------
        D:1 |       6 |       0 |   0.0 |       3 |       0 |   0.0
        D:2 |       7 |       2 |  22.2 |       4 |       1 |  20.0
        D:3 |       2 |       0 |   0.0 |       1 |       0 |   0.0
            +---------+---------+-------+---------+---------+-------
